 Dungeon Crawl Stone Soup version bcrawl-1.26.1 (webtiles) character file.

Game seed: 1709132655638569304

108047 Freyura the Cutter (level 2, -7/22 HPs)
             Began as a Vampire Gladiator on July 12, 2020.
             Killed from afar by Sigmund (11 damage)
             ... with a puff of flame
             ... on level 2 of the Dungeon.
             The game lasted 00:03:16 (964 turns).

Freyura the Cutter (Vampire Gladiator)               Turns: 964, Time: 00:03:17

Health: -7/22      AC:  4    Str: 17    XL:     2   Next: 96%
Magic:  11/11      EV: 13    Int:  8    God:
Gold:   67         SH:  0    Dex: 14    Spells: 1/1 levels left

rFire    . . .     SeeInvis +   a - +0 rapier
rCold    . . .     Gourm    .   (no shield)
rNeg     + . .     Faith    .   b - +0 leather armour
rPois    .         Spirit   .   c - +0 helmet
rElec    .         Reflect  .   (no cloak)
rCorr    .         Harm     .   (no gloves)
MR       .....                  (no boots)
Stlth    +++.......             (no amulet)
HPRegen  0.07/turn              j - ring of magical power
MPRegen  0.12/turn              k - ring of wizardry

@: no status effects
A: claws 1, fangs 3, see invisible, unbreathing
a: no special abilities


You were on level 2 of the Dungeon.
You were not thirsty.

You visited 1 branch of the dungeon, and saw 2 of its levels.

You collected 67 gold pieces.

Inventory:

Hand Weapons
 a - a +0 rapier (weapon)
Missiles
 d - 3 throwing nets {=f}
Armour
 b - a +0 leather armour (worn)
 c - a +0 helmet (worn)
Jewellery
 j - a ring of magical power (left claw)
 k - a ring of wizardry (right claw)
Scrolls
 f - a scroll of magic mapping {unknown}
 i - a scroll of blinking {unknown}
 l - a scroll of teleportation {unknown}
 n - a scroll of immolation {unknown}
Potions
 e - a potion of curing
 h - a potion of flight {unknown}
 m - a potion of mutation {unknown}
 q - a potion of blood


   Skills:
 + Level 2.1 Fighting
 + Level 3.9 Short Blades
 - Level 1.5 Throwing
 + Level 3.6 Dodging
 * Level 2.5 Stealth


You had one spell level left.
You didn't know any spells.
Your spell library was empty.

Dungeon Overview and Level Annotations

Branches:
Dungeon (2/12)

Altars:

Annotations:
D:2 Sigmund


Innate Abilities, Weirdness & Mutations

You have sharp fingernails.
You have razor-sharp teeth.
You have supernaturally acute eyesight. (SInv)
You can survive without breathing.


Message History

An adder comes into view.
A hobgoblin comes into view. It is wielding a +0 club.
The adder hisses angrily.
You hit the adder but do no damage. The adder bites you.
The adder bites you but does no damage. Sigmund casts a spell at you.
The puff of flame hits you!
You are too injured to fight recklessly!
You are too injured to fight recklessly!
You are too injured to fight recklessly!
Sigmund gestures wildly while chanting.
Sigmund flickers and vanishes for a moment.
Sigmund points at you and mumbles some strange words.
The magic dart hits you!
* * * LOW HITPOINT WARNING * * *
The adder misses you. Sigmund casts a spell at you. The puff of flame hits you!
Ouch! That really hurt!
You die...

.g. ######### #.......
#.......# ##..#.....
#.......# ##.......# #
#.......# ###...##...#
..#.......###....##....###
#.........##..#...........
###......................## #
#..........@.S..........#..
......###..###............#..
.....####.##................[
..........##.###.[.@...>.....
.....###.....##.%........$##.
g.....(..###....#.[..........
.......[..."..............###
.....#....................>..
.......##.......!.........#..


You could see Sigmund (invisible) and an adder.

Vanquished Creatures
  A worm (D:2)
  2 dart slugs
  A leopard gecko (D:2)
  A giant cockroach (D:1)
  A goblin (D:2)
  2 hobgoblins (D:1)
  2 jackals (D:1)
  3 kobolds
  A ball python (D:2)
  A frilled lizard (D:2)
  5 rats
20 creatures vanquished.

Notes
Turn   | Place    | Note
-------+----------+-------------------------------------------
     0 | D:1      | Freyura the Vampire Gladiator began the quest for the Orb.
     0 | D:1      | Reached XP level 1. HP: 16/16 MP: 1/1
   121 | D:1      | Reached skill level 1 in Stealth
   284 | D:1      | Reached XP level 2. HP: 22/22 MP: 2/2
   658 | D:2      | Noticed Sigmund
   964 | D:2      | Killed from afar by Sigmund

Skill      XL: |  1  2 |
---------------+-------+-----
Stealth        | 1 2 |  2.5
Fighting       | 2 |  2.1
Short Blades   | |  3.9
Throwing       | |  1.5
Dodging        | |  3.6

Action                   || total
-------------------------++-------
Melee: Rapier            ||    51
       Bite              ||     6
  Use: Scroll            ||     1
 Stab: Sleeping          ||     6
Armor: Leather armour    ||    13
Dodge: Dodged            ||    30
